 Dungeon Crawl Stone Soup version 0.18.1-8-gdd0e5ea (webtiles) character file.

90702 raph the Fencer (level 15, -18/136 HPs)
             Began as a Minotaur Fighter on June 3, 2016.
             Was the Champion of Okawaru.
             Demolished by a sea snake (22 damage)
             ... on level 3 of the Shoals on June 4, 2016.
             The game lasted 01:43:12 (29006 turns).

raph the Fencer (Minotaur Fighter)                 Turns: 29006, Time: 01:43:12

Health: -18/136    AC: 32    Str: 27    XL:     15   Next: 52%
Magic:  29/29      EV: 15    Int: 10    God:    Okawaru [******]
Gold:   564        SH:  0    Dex: 15    Spells: 2 memorised, 12 levels left

rFire  + + .     SeeInvis .     Y - +5 scimitar (flame)
rCold  . . .     Gourm    .     V - +7 plate armour {rF+}
rNeg   + + +     Faith    .     c - +0 shield
rPois  .         Spirit   .     F - +2 hat
rElec  .         Dismiss  .     q - +0 cloak of Spring {rF+ Int+4 Stlth+}
rCorr  .         Reflect  .     t - +2 pair of gloves {Str+3}
SustAt .         Harm     .     E - +2 pair of boots {Stlth+}
MR     +....                    T - amulet "Derhenwa" {*Corrode +Fly rN+++ Regen+ MP+9}
Stlth  ..........               S - +3 ring of dexterity
                                N - +4 ring of evasion

@: confused, lethally poisoned (-18 -> -27), afraid, corroded, flying,
mesmerised, glowing, somewhat resistant to hostile enchantments, extremely
unstealthy
A: retaliatory headbutt, horns 2
a: Heroism, Finesse, Renounce Religion, Stop Flying


You were on level 3 of the Shoals.
You worshipped Okawaru.
Okawaru was exalted by your worship.
You were not hungry.

You visited 4 branches of the dungeon, and saw 27 of its levels.
You also visited: Labyrinth, Ice Cave and Volcano.

You collected 2877 gold pieces.
You spent 2313 gold pieces at shops.

Inventory:

Hand Weapons
 i - the +5 scimitar "Lishukur" {flame, MR- Int+3 SInv}
   (Okawaru gifted it to you on level 12 of the Dungeon)

   It has been specially enchanted to burn those struck by it, causing extra
   injury to most foes and up to half again as much damage against particularly
   susceptible opponents.
   Big, fiery blades are also staple armaments of hydra-hunters.
   It affects your intelligence (+3).
   It affects your resistance to hostile enchantments.
   It lets you see invisible.
 l - a +6 scimitar of holy wrath
 R - a +2 antimagic demon blade
 Y - a +5 scimitar of flaming (weapon)
Missiles
 v - 46 tomahawks
 w - 18 javelins (quivered)
Armour
 c - a +0 shield (worn)
 q - the +0 cloak of Spring (worn) {rF+ Int+4 Stlth+}
   (Okawaru gifted it to you on level 1 of the Shoals)

   It affects your intelligence (+4).
   It protects you from fire.
   It makes you more stealthy.
 t - a +2 pair of gloves of strength (worn)
 E - a +2 pair of boots of stealth (worn)
 F - a +2 hat (worn)
 V - a +7 plate armour of fire resistance (worn)
Rods
 a - a +4 lightning rod (0/11)
   (You took it off a minotaur in a labyrinth)
Jewellery
 b - an uncursed ring of see invisible
 j - an uncursed ring of positive energy
 s - an uncursed ring of protection from magic
 B - an uncursed ring of protection from cold
 N - a +4 ring of evasion (left hand)
 S - a +3 ring of dexterity (right hand)
 T - the amulet "Derhenwa" (around neck) {*Corrode +Fly rN+++ Regen+ MP+9}
   (You bought it in a shop on level 2 of the Orcish Mines)

   [amulet of regeneration]

   It renders you almost immune to negative energy.
   It affects your magic capacity (+9).
   It lets you fly.
   It increases your rate of regeneration.
   It may corrode you when you take damage.
Wands
 k - a wand of lightning (10/15)
 m - a wand of heal wounds (2/9)
 o - a wand of heal wounds (4/9)
 C - a wand of confusion (8/48)
 D - a wand of digging (11/24)
 I - a wand of disintegration (12/24)
 J - a wand of iceblast (2/15)
 K - a wand of enslavement (1/24)
 Q - a wand of acid (9/15)
Scrolls
 e - 13 scrolls of teleportation
 n - 7 scrolls of remove curse
 x - 3 scrolls of fog
 y - 6 scrolls of magic mapping
 G - a scroll of recharging
 H - 2 scrolls of enchant weapon
 L - a scroll of fear
 M - 2 scrolls of identify
 U - a scroll of summoning
Potions
 d - 5 potions of might
 g - 5 potions of cancellation
 h - 6 potions of brilliance
 p - 3 potions of cure mutation
 r - 2 potions of resistance
 z - 11 potions of curing
 A - 5 potions of flight
 P - 8 potions of haste
 W - a potion of agility
 X - 2 potions of berserk rage
Books
 O - a Necronomicon

   Spells                             Type                      Level
   a - Haunt                          Necromancy/Summoning         7
   b - Borgnjor's Revivification      Necromancy                   8
   c - Death's Door                   Charms/Necromancy            8
   d - Necromutation                  Transmutation/Necromancy     8
Miscellaneous
 Z - a legendary deck of wonders {the Alchemist}
Comestibles
 f - 9 bread rations
 u - a meat ration


   Skills:
 + Level 13.4 Fighting
 * Level 17.3 Long Blades
 - Level 6.8 Throwing
 * Level 17.1 Armour
 + Level 7.4 Dodging
 - Level 7.7 Shields
 - Level 8.3 Invocations
 - Level 5.2 Evocations


You had 12 spell levels left.
You knew the following spells:

 Your Spells              Type           Power        Failure   Level  Hunger
a - Apportation           Tloc           #.........   100%        1    ##.....
b - Summon Butterflies    Summ           #.......     100%        1    ##.....


Dungeon Overview and Level Annotations

Branches:
Dungeon (15/15)            Temple (0/1) D:6            Lair (7/8) D:11
 Shoals (3/4) Lair:3        Snake (0/4) Lair:5        Slime (0/6) Lair:6
    Orc (2/2) D:9             Elf (0/3) Orc:2        Vaults (0/5) D:14
 Depths (0/5) D:15

Altars:
Ashenzari
Dithmenos
Makhleb
Nemelex Xobeh
Okawaru
Ru
Sif Muna
Vehumet
Yredelemnul
Zin
Beogh

Shops:
D:4 [}(*(   D:5 !??   D:12 !   Orc:2 ?=??

Portals:
Trove: D:11 (show abyssal rune of Zot)

Annotations:
Shoals:3 Polyphemus


Innate Abilities, Weirdness & Mutations

You reflexively headbutt those who attack you in melee.
You have a pair of horns on your head.


Message History

The merfolk impaler hits you but does no damage.
The satyr shoots an arrow.
The arrow completely misses you.
The merfolk avatar chants its luring song. x2
The merfolk impaler hits you but does no damage.
A merfolk and Polyphemus come into view.
You hit the faun. You burn the faun.
You headbutt the faun, but do no damage.
The faun is lightly wounded.
You feel sick.
The merfolk impaler hits you from afar with a trident.
* * * LOW HITPOINT WARNING * * *
The merfolk avatar chants its luring song.
Evoke which item? (* to show all) (? for menu, Esc to quit)
Zapping:
o - a wand of heal wounds (5/9)
Press: ? - help, Shift-Dir - straight line, f - you, p - merfolk avatar Nothing appears to happen.
This wand has 4 charges left.
You feel sick.
The satyr shoots an arrow.
The arrow hits you!
* * * LOW HITPOINT WARNING * * *
The sea snake bites you!!
You die...

≈≈≈≈≈≈≈≈≈≈≈≈...#
≈≈≈≈≈≈≈≈≈C≈≈m..#
≈≈≈≈≈≈≈≈≈≈≈≈...##
≈≈≈≈≈≈≈≈≈m≈≈....#
≈≈≈≈≈≈≈≈≈≈≈≈....#
≈≈≈≈≈≈≈≈≈≈≈≈≈..!#
≈≈≈≈≈.cmH(.≈≈≈...
≈≈≈...cSS).≈m≈...
≈≈....c@##.≈≈≈≈≈≈
≈≈≈..#### #.≈≈≈≈≈
≈≈≈. .≈≈≈.. ≈≈≈
≈≈≈... ≈≈..#
≈≈≈..


You could see Polyphemus, 2 merfolk avatars, a merfolk impaler, a satyr, 2 sea
snakes, a merfolk, 2 fauns and a manticore.

Vanquished Creatures
  Rupert (Orc:2)
  A frost giant (D:15)
  The ghost of Statics the Fighter, a journeyman MiFi of Ashenzari (Lair:3)
  A merfolk javelineer (Shoals:2)
  A minotaur (Lab)
  An ettin (Orc:2)
  Harold (Lair:1)
  Fannar (D:12)
  3 hydras
  3 merfolk avatars
  Erica (D:10)
  A merfolk aquamancer (Shoals:1)
  2 centaur warriors
  An ogre mage (D:14)
  A tengu warrior (D:15)
  A satyr (Shoals:2)
  A hell knight (Volcano)
  A deep elf knight (D:14)
  2 unseen horrors
  A sea snake (Shoals:1)
  9 harpies (Shoals:1)
  2 orc knights
  2 hill giants
  2 griffons
  4 oklob plants (Lair:7)
  An ugly thing (D:12)
  4 deep elf magi (D:14)
  11 orc sorcerers
  7 manticores
  5 fauns
  5 sirens
  2 cyclopes (D:15)
  A toenail golem (Volcano)
  11 elephants
  The ghost of Kzard the Covered, a novice MiFi of Cheibriados (D:5)
  A water nymph (Shoals:3)
  3 black mambas
  2 ice statues (IceCv)
  A gargoyle (D:11)
  10 spiny frogs
  2 tengu conjurers (D:12)
  7 komodo dragons
  8 trolls
  10 merfolk
  A queen bee (Lair:5)
  4 two-headed ogres
  7 blink frogs
  A hornet zombie (D:14)
  8 snapping turtles
  A shadow (D:13)
  A vampire (D:14)
  5 water elementals (Shoals:1)
  5 basilisks
  3 wyverns
  A fire elemental (Volcano)
  14 yaks
  A wraith (D:15)
  13 hippogriffs
  A hog (shapeshifter) (D:15)
  3 fire bats (Lair:4)
  3 vampire mosquitoes (D:13)
  Grum (Lair:1)
  7 wargs
  Menkaure (D:7)
  2 mottled dragons
  2 nagas (Lair:5)
  6 swamp worms (Lair:1)
  Duvessa (D:7)
  15 porcupines
  26 orc warriors
  13 water moccasins
  18 ice beasts
  3 phantoms
  A necrophage (D:12)
  A black bear (D:9)
  An eye of draining (D:5)
  5 sky beasts
  7 wolves
  14 crocodiles
  A boggart (D:14)
  16 centaurs
  13 ogres
  3 big kobolds (D:14)
  20 giant frogs
  Dowan (D:7)
  5 scorpions
  29 killer bees
  A howler monkey (D:5)
  8 wights
  8 electric eels
  4 centaur zombies
  A giant frog zombie (D:9)
  4 crimson imps
  2 giant frog skeletons
  20 jellies
  6 centaur skeletons
  20 orc priests
  3 hounds
  9 iguanas
  48 orc wizards
  6 worker ants
  12 sheep
  2 howler monkey skeletons
  11 adders
  9 gnolls
  61 river rats
  4 shadow imps
  An ooze (D:1)
  17 worms
  2 dart slugs
  9 giant geckos
  124 orcs
  9 giant cockroaches
  8 goblins
  10 hobgoblins
  14 jackals
  8 kobolds
  3 quokkas
  2 ball pythons (D:7)
  15 bats
  A giant cockroach zombie (D:5)
  A giant gecko skeleton (D:4)
  9 giant newts
  A jackal skeleton (D:6)
  A quokka zombie (D:9)
  20 rats
  A plant (Lair:7)
916 creatures vanquished.

Vanquished Creatures (others)
  A centaur (D:6)
  A shadow imp (D:10)
  2 orcs
  A giant cockroach (D:6)
  A quokka (D:6)
  10 fungi
  13 plants
29 creatures vanquished.

Grand Total: 945 creatures vanquished

Notes
Turn   | Place    | Note
--------------------------------------------------------------
     0 | D:1      | raph the Minotaur Fighter began the quest for the Orb.
     0 | D:1      | Reached XP level 1. HP: 19/19 MP: 0/0
   193 | D:1      | Reached XP level 2. HP: 23/26 MP: 1/1
   698 | D:2      | Reached XP level 3. HP: 24/33 MP: 2/2
  1149 | D:2      | Reached XP level 4. HP: 40/40 MP: 3/3
  1883 | D:3      | Reached XP level 5. HP: 41/46 MP: 4/4
  2161 | D:3      | Noticed a phantom
  2186 | D:3      | Killed a phantom
  2186 | D:3      | Reached skill level 5 in Long Blades
  2446 | D:3      | Reached skill level 5 in Shields
  2450 | D:3      | Reached XP level 6. HP: 49/55 MP: 5/5
  2618 | D:3      | Found a shadowy altar of Dithmenos.
  2712 | D:3      | Reached skill level 5 in Armour
  2943 | D:4      | Found Offixtent's General Store.
  2958 | D:4      | Bought a scroll of identify for 26 gold pieces
  2958 | D:4      | Bought a potion of heal wounds for 65 gold pieces
  3018 | D:4      | Reached skill level 5 in Fighting
  3082 | D:4      | Found Tuniho Imua's Antique Weapon Shop.
  3350 | D:4      | Found Bikh's Weapon Emporium.
  3417 | D:4      | Found a shattered altar of Ashenzari.
  3582 | D:4      | Found Musowory's Gadget Boutique.
  3639 | D:4      | Found Askigred's Armour Boutique.
  3661 | D:4      | Bought a +1 pair of boots for 126 gold pieces
  3835 | D:5      | Entered Level 5 of the Dungeon
  3847 | D:5      | Noticed a sky beast
  3857 | D:5      | Killed a sky beast
  3857 | D:5      | Reached XP level 7. HP: 61/61 MP: 0/6
  3933 | D:5      | Found a sparkling altar of Nemelex Xobeh.
  3951 | D:5      | Noticed Kzard's ghost (novice MiFi)
  4070 | D:5      | Reached XP level 8. HP: 52/70 MP: 7/7
  4130 | D:5      | Found Gasoaf's Distillery.
  4211 | D:5      | Found Axem's Magic Scroll Boutique.
  4244 | D:5      | Killed Kzard's ghost
  4331 | D:5      | Found Qesicysask's Magic Scroll Shop.
  4780 | D:6      | Found an iron altar of Okawaru.
  4839 | D:6      | Became a worshipper of Warmaster Okawaru
  4885 | D:6      | Reached XP level 9. HP: 70/79 MP: 8/8
  5068 | D:6      | Found a staircase to the Ecumenical Temple.
  5191 | D:6      | Found a glowing silver altar of Zin.
  5405 | D:7      | Noticed Menkaure
  5407 | D:7      | Noticed Duvessa
  5408 | D:7      | Noticed Dowan
  5411 | D:7      | Killed Menkaure
  5419 | D:6      | Reached * piety under Okawaru
  5740 | D:7      | Killed Duvessa
  5756 | D:7      | Killed Dowan
  5845 | D:7      | Found a basalt altar of Yredelemnul.
  5861 | D:7      | Reached skill level 10 in Long Blades
  6832 | D:8      | Found a deep blue altar of Sif Muna.
  6987 | D:8      | Found a burning altar of Makhleb.
  6988 | D:8      | Found a radiant altar of Vehumet.
  6990 | D:8      | Reached ** piety under Okawaru
  7040 | D:8      | Reached skill level 1 in Invocations
  7573 | D:9      | Reached XP level 10. HP: 87/90 MP: 9/9
  7788 | D:9      | Found a staircase to the Orcish Mines.
  7884 | D:9      | Reached *** piety under Okawaru
  7929 | D:9      | Found a roughly hewn altar of Beogh.
  7936 | D:9      | Reached skill level 10 in Armour
  7946 | D:9      | Reached skill level 1 in Throwing
  8656 | D:10     | Entered Level 10 of the Dungeon
  9061 | D:10     | Got a distressingly furry ring mail
  9072 | D:10     | Identified the +1 ring mail of Xom's Displeasure {rN+ Slay+3} (You found it on level 10 of the Dungeon)
  9097 | D:10     | Noticed Erica
  9105 | D:10     | Killed Erica
  9180 | D:10     | Reached **** piety under Okawaru
  9277 | D:5      | Bought a scroll of identify for 24 gold pieces
  9277 | D:5      | Bought a scroll of identify for 24 gold pieces
  9277 | D:5      | Bought a scroll of enchant weapon for 90 gold pieces
  9277 | D:5      | Bought a scroll of enchant armour for 90 gold pieces
 10305 | D:11     | Reached XP level 11. HP: 78/97 MP: 12/12
 10508 | D:11     | Found a portal to a secret trove of treasure.
 10566 | D:11     | Found a frozen archway.
 10603 | IceCv    | Entered an ice cave
 10607 | IceCv    | Reached ***** piety under Okawaru
 10885 | IceCv    | Got a faintly humming leather armour
 10896 | IceCv    | Identified the +1 leather armour of the Demon Prince {Str-2 Int+9} (You found it in an ice cave)
 11283 | D:11     | Noticed an unseen horror
 11287 | D:11     | Killed an unseen horror
 11388 | D:11     | Found a staircase to the Lair.
 11398 | Lair:1   | Entered Level 1 of the Lair of Beasts
 11410 | Lair:1   | Noticed Grum
 11425 | Lair:1   | Killed Grum
 11439 | Lair:1   | Noticed Harold
 11463 | Lair:1   | Killed Harold
 11463 | Lair:1   | Reached skill level 10 in Fighting
 11763 | Lair:1   | Got a transparent dagger
 11764 | Lair:1   | Identified the +9 dagger of Tortfeasance {pain, Dex+2} (You found it on level 1 of the Lair of Beasts)
 11840 | Lair:1   | Reached skill level 5 in Invocations
 12255 | Lair:1   | Reached ****** piety under Okawaru
 12927 | Lair:2   | Reached skill level 5 in Throwing
 12981 | Lair:2   | Found a labyrinth entrance.
 13013 | Lab      | Entered a labyrinth
 13456 | Lab      | Noticed a minotaur
 13468 | Lab      | Killed a minotaur
 13468 | Lab      | Received a gift from Okawaru
 13468 | Lab      | Reached XP level 12. HP: 71/106 MP: 6/14
 13522 | Lab      | Identified the Handbook of Supportive Orientation
 13795 | Lair:2   | Noticed a six-headed hydra
 13802 | Lair:2   | Killed a three-headed hydra
 14268 | Lair:3   | Learned a level 1 spell: Apportation
 14270 | Lair:3   | Learned a level 1 spell: Summon Butterflies
 14790 | Lair:3   | Noticed Statics's ghost (journeyman MiFi)
 14903 | Lair:3   | Killed Statics's ghost
 14903 | Lair:3   | Reached skill level 1 in Evocations
 15253 | Lair:3   | Found a staircase to the Shoals.
 15972 | Lair:4   | Found a dark tunnel.
 15989 | Volcano  | Entered a volcano
 16042 | Volcano  | Received a gift from Okawaru
 17079 | Lair:5   | Found a staircase to the Snake Pit.
 17084 | Lair:5   | Reached skill level 1 in Dodging
 17085 | Lair:5   | Reached XP level 13. HP: 108/116 MP: 16/16
 17790 | Lair:5   | Identified a scroll of acquirement
 17869 | Lair:5   | Received a gift from Okawaru
 18444 | Lair:6   | Found a staircase to the Slime Pits.
 18592 | Lair:6   | Reached skill level 15 in Long Blades
 21228 | D:12     | Noticed Fannar
 21267 | D:12     | Killed Fannar
 21615 | D:12     | Received a gift from Okawaru
 21616 | D:12     | Got a translucent longbow {god gift}
 21690 | D:12     | Reached XP level 14. HP: 126/126 MP: 16/18
 21761 | D:12     | Reached skill level 15 in Armour
 21794 | D:12     | Found Rinweylle's Distillery.
 22983 | D:14     | Received a gift from Okawaru
 23394 | D:14     | Found a gate to the Vaults.
 23744 | Orc:1    | Entered Level 1 of the Orcish Mines
 23979 | Orc:2    | Entered Level 2 of the Orcish Mines
 24057 | Orc:2    | Reached skill level 5 in Dodging
 24089 | Orc:2    | Received a gift from Okawaru
 24240 | Orc:2    | Noticed Rupert
 24256 | Orc:2    | Killed Rupert
 24399 | Orc:2    | Found a staircase to the Elven Halls.
 25130 | Orc:2    | Paralysed by an orc sorcerer for 3 turns
 25163 | Orc:2    | Found Gafy's Magic Scroll Emporium.
 25163 | Orc:2    | Found Tyextei's Magic Scroll Boutique.
 25211 | Orc:2    | Bought a scroll of enchant armour for 105 gold pieces
 25234 | Orc:2    | Found a roughly hewn altar of Beogh.
 25263 | Orc:2    | Found Hegawit's Jewellery Emporium.
 25292 | Orc:2    | Found Akibic's Magic Scroll Boutique.
 25298 | Orc:2    | Reached skill level 5 in Evocations
 25309 | Orc:2    | Bought a scroll of enchant armour for 105 gold pieces
 25309 | Orc:2    | Bought a scroll of enchant weapon for 105 gold pieces
 25309 | Orc:2    | Bought a scroll of enchant weapon for 105 gold pieces
 25328 | Orc:2    | Bought a +4 ring of evasion for 576 gold pieces
 25328 | Orc:2    | Bought the amulet "Derhenwa" {*Corrode +Fly rN+++ Regen+ MP+9} for 872 gold pieces
 25431 | Orc:2    | Found a burning altar of Makhleb.
 25689 | D:12     | Received a gift from Okawaru
 25690 | D:12     | Got a slimy scimitar {god gift}
 25691 | D:12     | Identified the +5 scimitar "Lishukur" {flame, MR- Int+3 SInv} (Okawaru gifted it to you on level 12 of the Dungeon)
 25849 | D:15     | Entered Level 15 of the Dungeon
 26267 | D:15     | Found a sacrificial altar of Ru.
 26323 | D:15     | Found a shadowy altar of Dithmenos.
 26527 | D:15     | Found a staircase to the Depths.
 26527 | D:15     | Noticed a frost giant
 26536 | D:15     | Killed a frost giant
 26536 | D:15     | Reached XP level 15. HP: 112/134 MP: 20/20
 27055 | Shoals:1 | Entered Level 1 of the Shoals
 27069 | Shoals:1 | Received a gift from Okawaru
 27070 | Shoals:1 | Got a bloodstained cloak {god gift}
 27088 | Shoals:1 | Identified the +0 cloak of Spring {rF+ Int+4 Stlth+} (Okawaru gifted it to you on level 1 of the Shoals)
 29005 | Shoals:3 | Noticed Polyphemus
 29006 | Shoals:3 | HP: 4/136 [satyr/arrow (17)]
 29006 | Shoals:3 | Demolished by a sea snake

Skill      XL: |  1  2  3  4  5  6  7  8  9 10 11 12 13 14 15 |
---------------+----------------------------------------------+-----
Long Blades    | 3 4 5 6 7 9 11 12 13 14 15 16 17 | 17.3
Armour         | 4 5 6 7 9 11 12 13 14 16 17 | 17.1
Shields        | 4 5 6 7 |  7.7
Fighting       | 4 5 6 7 8 9 10 11 12 13 | 13.4
Invocations    | 1 3 5 6 7 8 |  8.3
Throwing       | 3 5 6 |  6.8
Evocations     | 2 4 5 |  5.2
Dodging        | 1 3 6 7 |  7.4

Action                   |  1- 3 |  4- 6 |  7- 9 | 10-12 | 13-15 || total
-------------------------+-------+-------+-------+-------+-------++-------
Melee: Long sword        |   102 |   220 |    48 |       |       ||   370
       Headbutt          |    14 |    39 |    88 |   195 |   375 ||   711
       Falchion          |       |       |   267 |   233 |   117 ||   617
       Scimitar          |       |       |       |   673 |  1060 ||  1733
       Demon blade       |       |       |       |    49 |    64 ||   113
       Triple sword      |       |       |       |    25 |    99 ||   124
 Fire: Shortbow          |       |       |     5 |       |       ||     5
Throw: Tomahawk          |       |       |       |     5 |    49 ||    54
       Javelin           |       |       |       |       |     3 ||     3
Invok: Heroism           |       |       |     2 |     5 |     6 ||    13
       Finesse           |       |       |       |     2 |     3 ||     5
 Abil: Evoke Flight      |       |       |       |       |     9 ||     9
Evoke: Wand              |       |       |       |       |    12 ||    12
       Rod               |       |       |       |       |     3 ||     3
  Use: Scroll            |     2 |     9 |    11 |    14 |    21 ||    57
       Potion            |       |       |     2 |     2 |     1 ||     5
  Eat: Chunk             |     1 |     8 |    11 |    16 |    22 ||    58
       Beef jerky        |       |       |     1 |     1 |     2 ||     4
       Meat ration       |       |       |       |     2 |     2 ||     4
       Bread ration      |       |       |       |     1 |     2 ||     3
       Pizza             |       |       |       |       |     1 ||     1
Armor: Scale mail        |    27 |       |       |       |       ||    27
       Ring mail         |     1 |       |       |       |       ||     1
       Plate armour      |    26 |   115 |   125 |   431 |   707 ||  1404
Dodge: Dodged            |    16 |    24 |    56 |   177 |   541 ||   814
Block: Shield            |    65 |   180 |   205 |   602 |   780 ||  1832
       Reflection        |       |       |    14 |    10 |    16 ||    40
       Other             |       |       |       |     2 |    11 ||    13
